 Dungeon Crawl Stone Soup version 0.27-a0-323-gbd089401bb (webtiles) character file.

Game seed: 9020210932630985368

264 skwiii the Ducker (level 6, -11/50 HPs)
             Began as a Gnoll Gladiator on Feb 11, 2021.
             Was an Initiate of Okawaru.
             Mangled by an ogre
             ... wielding a +0 giant spiked club
              (25 damage)
             ... on level 4 of the Dungeon.
             The game lasted 00:11:28 (4152 turns).

skwiii the Ducker (Gnoll Gladiator)                 Turns: 4152, Time: 00:11:28

Health: -11/50     AC:  6    Str: 15    XL:     6   Next: 19%
Magic:  8/8        EV: 14    Int:  8    God:    Okawaru [......]
Gold:   167        SH:  5    Dex: 13    Spells: 8/8 levels left

rFire    . . .     SeeInvis .   v - +1 hand axe (vorpal)
rCold    + . .     Faith    .   (no shield)
rNeg     . . .     Spirit   .   w - +0 ring mail
rPois    .         Reflect  +   h - +0 helmet
rElec    .         Harm     .   (no cloak)
rCorr    .         Rampage  .   (no gloves)
Will     .....                  (no boots)
Stlth    +.........             p - amulet of reflection
HPRegen  0.16/turn              k - ring of protection from cold
MPRegen  0.11/turn              (no ring)

@: no status effects
A: distributed training, fangs 1, strong nose
a: Renounce Religion


You were on level 4 of the Dungeon.
You worshipped Okawaru.
Okawaru was noncommittal.
You visited 2 branches of the dungeon, and saw 5 of its levels.

You collected 167 gold pieces.

Inventory:

Hand Weapons
 a - a +0 war axe
 v - a +1 vorpal hand axe (weapon)
Missiles
 d - 3 throwing nets (quivered)
 r - 2 boomerangs of dispersal
Armour
 b - a +0 leather armour
 c - a +0 helmet
 h - a +0 helmet (worn)
 w - a +0 ring mail (worn)
Jewellery
 k - a ring of protection from cold (left hand)
 p - an amulet of reflection (around neck)
Wands
 f - a wand of digging (4)
Scrolls
 g - 2 scrolls of teleportation {unknown}
 l - a scroll of magic mapping {unknown}
 m - 2 scrolls of fog {unknown}
 n - a scroll of immolation {unknown}
 o - a scroll of fear {unknown}
 t - a scroll of blinking {unknown}
 u - a scroll of amnesia {unknown}
 x - a scroll of identify
Potions
 e - a potion of haste {unknown}
 i - a potion of lignification {unknown}
 j - a potion of curing {unknown}
 q - 2 potions of might {unknown}
 s - a potion of flight {unknown}


   Skills:
 + Level 4.9 Fighting
 + Level 1.8 Short Blades
 + Level 1.8 Long Blades
 + Level 6.8 Axes
 + Level 1.8 Maces & Flails
 + Level 1.8 Polearms
 + Level 1.8 Staves
 + Level 1.8 Slings
 + Level 1.8 Bows
 + Level 1.8 Crossbows
 + Level 4.9 Throwing
 + Level 1.8 Armour
 + Level 6.8 Dodging
 + Level 1.8 Stealth
 + Level 1.8 Shields
 + Level 1.8 Unarmed Combat
 + Level 1.8 Spellcasting
 + Level 1.4 Conjurations
 + Level 1.4 Hexes
 + Level 1.4 Summonings
 + Level 1.4 Necromancy
 + Level 1.4 Translocations
 + Level 1.4 Transmutations
 + Level 1.4 Fire Magic
 + Level 1.4 Ice Magic
 + Level 1.4 Air Magic
 + Level 1.4 Earth Magic
 + Level 1.4 Poison Magic
 + Level 2.0 Invocations
 + Level 1.8 Evocations


You had 8 spell levels left.
You didn't know any spells.
Your spell library was empty.

Dungeon Overview and Level Annotations

Branches:
Dungeon (4/15)             Temple (1/1) D:4

Altars:
Kikubaaqudgha
Okawaru
Qazlal
Ru
Wu Jian


Innate Abilities, Weirdness & Mutations

Your experience applies equally to all skills.
You have very sharp teeth.
Your uncanny sense of smell can sniff out nearby items.


Message History

There's a creature in the doorway!
There's a creature in the doorway!
There's a creature in the doorway!
There's a creature in the doorway!
There's a creature in the doorway!
There's a creature in the doorway!
There's a creature in the doorway!
There's a creature in the doorway!
There's a creature in the doorway!
There's a creature in the doorway!
There's a creature in the doorway!
There's a creature in the doorway!
There's a creature in the doorway!
There's a creature in the doorway!
There's a creature in the doorway!
There's a creature in the doorway!
There's a creature in the doorway!
There's a creature in the doorway!
There's a creature in the doorway!
There's a creature in the doorway!
There's a creature in the doorway!
There's a creature in the doorway!
There's a creature in the doorway!
There's a creature in the doorway!
There's a creature in the doorway!
There's a creature in the doorway!
There's a creature in the doorway!
There's a creature in the doorway!
There's a creature in the doorway!
There's a creature in the doorway!
You slash the ogre!
The ogre is moderately wounded.
The ogre barely misses you.
You hit the ogre. You bite the ogre.
The ogre is severely wounded.
You hit the ogre. You bite the ogre.
The ogre is almost dead.
The ogre hits you with a +0 giant spiked club!!
Ouch! That really hurt!
You die...

#.#########.##### #.#
#...........# #.#
#.#####.###.######## #.# #.#
#.##.........######## ###.###.#
#.##.#######......... ........#
#.##.#.#.#.#.######.# ###)#####
#....#^^^^^#.## ... ###.#.##
#..#########..# ...
.....#(######..#@O....)'..####...
###............#########....<....
###.##.#####...#^^^^^#.####.#.#
#.......####.#.#.#.#.# #...#
####.##.####.#######.# #.###
##.##....... ∆ ..# #.#
#........... ### #.# #.......##.#
#.# #.####...#.# #.#


You could see an ogre.

Vanquished Creatures
  A phantom (D:4)
  A howler monkey (D:4)
  5 adders
  An adder skeleton (D:2)
  5 worms
  3 dart slugs
  2 leopard geckos
  12 orcs
  2 ball pythons (D:1)
  A bat skeleton (D:2)
  2 bat zombies (D:2)
  3 giant cockroaches
  7 goblins
  5 hobgoblins
  3 quokkas (D:4)
  A ball python skeleton (D:2)
  A ball python zombie (D:2)
  7 bats
  3 frilled lizards
  5 kobolds
  2 leopard gecko zombies (D:2)
  4 rats
76 creatures vanquished.

Vanquished Creatures (others)
  13 withered plants (D:2)
13 creatures vanquished.

Grand Total: 89 creatures vanquished

Notes
Turn   | Place    | Note
-------+----------+-------------------------------------------
     0 | D:1      | skwiii the Gnoll Gladiator began the quest for the Orb.
     0 | D:1      | Reached XP level 1. HP: 20/20 MP: 1/1
   137 | D:1      | Reached XP level 2. HP: 17/26 MP: 2/2
   777 | D:1      | Reached XP level 3. HP: 27/31 MP: 3/3
  1284 | D:2      | Reached skill level 1 in Invocations
  1492 | D:2      | Reached skill level 1 in Short Blades
  1492 | D:2      | Reached skill level 1 in Long Blades
  1492 | D:2      | Reached skill level 1 in Maces & Flails
  1492 | D:2      | Reached skill level 1 in Polearms
  1492 | D:2      | Reached skill level 1 in Staves
  1492 | D:2      | Reached skill level 1 in Slings
  1492 | D:2      | Reached skill level 1 in Bows
  1492 | D:2      | Reached skill level 1 in Crossbows
  1492 | D:2      | Reached skill level 1 in Armour
  1492 | D:2      | Reached skill level 1 in Stealth
  1492 | D:2      | Reached skill level 1 in Shields
  1492 | D:2      | Reached skill level 1 in Unarmed Combat
  1492 | D:2      | Reached skill level 1 in Spellcasting
  1492 | D:2      | Reached skill level 1 in Evocations
  1614 | D:2      | Reached XP level 4. HP: 38/38 MP: 5/5
  2463 | D:3      | Reached skill level 1 in Conjurations
  2463 | D:3      | Reached skill level 1 in Hexes
  2463 | D:3      | Reached skill level 1 in Summonings
  2463 | D:3      | Reached skill level 1 in Necromancy
  2463 | D:3      | Reached skill level 1 in Translocations
  2463 | D:3      | Reached skill level 1 in Transmutations
  2463 | D:3      | Reached skill level 1 in Fire Magic
  2463 | D:3      | Reached skill level 1 in Ice Magic
  2463 | D:3      | Reached skill level 1 in Air Magic
  2463 | D:3      | Reached skill level 1 in Earth Magic
  2463 | D:3      | Reached skill level 1 in Poison Magic
  3137 | D:4      | Noticed an ogre
  3140 | D:4      | Noticed a phantom
  3156 | D:4      | Killed a phantom
  3157 | D:4      | Reached XP level 5. HP: 14/43 MP: 5/7
  3381 | D:4      | Found a staircase to the Ecumenical Temple.
  3469 | Temple   | Entered the Ecumenical Temple
  3529 | Temple   | Became a worshipper of Warmaster Okawaru
  3595 | D:4      | Found an ornate altar of the Wu Jian Council.
  3761 | D:4      | Reached XP level 6. HP: 40/50 MP: 8/8
  3848 | D:4      | Found a sacrificial altar of Ru.
  4152 | D:4      | Mangled by an ogre

Illustrated notes

Levels and vault maps discovered:
D:1:      dpeg_arrival_connections, layout_loops_cross
D:2:      minmay_angry_zag, layout_rooms, serial_undead, serial_undead_a,
          serial_undead_b, serial_undead_b, serial_undead_d
D:3:      layout_loops_corners, serial_rivers, chequers_serial_rivers_room_a,
          chequers_serial_rivers_room_a, chequers_serial_rivers_micro_b,
          chequers_serial_rivers_large_b
D:4:      layout_loops_ring, nzn_wu_jian_council_hall, nicolae_ru_awakened_eye,
          minmay_temple_entry_fiery, grunt_tough_drop
Temple:   nicolae_temple_figure_eight

Skill      XL: |  1  2  3  4  5 |
---------------+----------------+-----
Invocations    | 1 2 |  2.0
Short Blades   | 1 |  1.8
Long Blades    | 1 |  1.8
Maces & Flails | 1 |  1.8
Polearms       | 1 |  1.8
Staves         | 1 |  1.8
Slings         | 1 |  1.8
Bows           | 1 |  1.8
Crossbows      | 1 |  1.8
Armour         | 1 |  1.8
Stealth        | 1 |  1.8
Shields        | 1 |  1.8
Unarmed Combat | 1 |  1.8
Spellcasting   | 1 |  1.8
Evocations     | 1 |  1.8
Conjurations   | 1 |  1.4
Hexes          | 1 |  1.4
Summonings     | 1 |  1.4
Necromancy     | 1 |  1.4
Translocations | 1 |  1.4
Transmutations | 1 |  1.4
Fire Magic     | 1 |  1.4
Ice Magic      | 1 |  1.4
Air Magic      | 1 |  1.4
Earth Magic    | 1 |  1.4
Poison Magic   | 1 |  1.4
Fighting       | |  4.9
Axes           | |  6.8
Throwing       | |  4.9
Dodging        | |  6.8

Action                   |  1- 3 |  4- 6 || total
-------------------------+-------+-------++-------
Melee: War axe           |   101 |    99 ||   200
       Bite              |     8 |    17 ||    25
       Punch             |       |     2 ||     2
       Hand axe          |       |    49 ||    49
  Use: Scroll            |       |     2 ||     2
 Stab: Sleeping          |     3 |       ||     3
Armor: Leather armour    |    27 |    11 ||    38
       Ring mail         |       |     5 ||     5
Dodge: Dodged            |    83 |    86 ||   169
Block: Other             |       |    14 ||    14

Table legend: (Time is in decaauts)
 A = Elapsed time spent in this place.
 B = Non-inter-level travel time spent in this place.
 C = Inter-level travel time spent in this place.
 D = Time resting spent in this place.
 E = Time spent auto-exploring this place.
 F = Levels seen in this place.
 G = Mean time per level.
                   A        B        C        D        E       F      G
               +--------+--------+--------+--------+--------+-----+--------+
         Total |   4211 |   4108 |    103 |    419 |   2701 |   5 |  842.2 |
       Dungeon |   4130 |   4046 |     84 |    419 |   2681 |   4 | 1032.5 |
        Temple |     80 |     61 |     19 |      0 |     20 |   1 |   80.0 |
               +--------+--------+--------+--------+--------+-----+--------+

Top non-repeatable levels by time:
     D:3: 1355 daAuts
     D:1: 1077 daAuts
     D:4: 955 daAuts
     D:2: 742 daAuts
  Temple: 80 daAuts
